[Event "Titled Tuesday Blitz May 30 Early 2023"]
[White "Garv Gaur"]
[Black "Papadiamandis, Elliot"]
[WhiteFideId "45030839"]
[BlackFideId "36074160"]
[WhiteElo "2068"]
[BlackElo "2219"]
[Result "1-0"]
[Round "04"]
[TimeControl "180+2"]
[Date "2023.05.30"]
[WhiteClock "0:00:17"]
[BlackClock "0:00:14"]

1. Nf3 Nf6 2. g3 g6 3. Bg2 Bg7 4. O-O O-O 5. d4 d5 6. c4 dxc4 7. Na3 c3 8. bxc3 Nbd7 9. Nc4 Nb6 10. Nce5 c6 11. a4 a5 12. Ba3 Be6 13. Bc5 Nc4 14. Nxc4 Bxc4 15. Nd2 Be6 16. Rb1 Nd7 17. Rxb7 Nxc5 18. dxc5 Bxc3 19. Ne4 Bb4 20. Ng5 Qxd1 21. Rxd1 Bb3 22. Rdd7 Bxa4 23. Rxe7 Bxc5 24. Rxf7 Rxf7 25. Nxf7 Ra7 26. Nh6+ Kh8 27. Rb8+ Kg7 28. Ng4 Bb5 29. Rc8 a4 30. Bxc6 Bxc6 31. Rxc6 a3 32. Rxc5 a2 33. Rc1 a1=Q 34. Rxa1 Rxa1+ 35. Kg2 h5 36. Ne5 Kf6 37. Nf3 Ra2 38. e3 g5 39. h3 g4 40. hxg4 hxg4 41. Nd4 Ke5 42. Nc6+ Ke4 43. Nd4 Rb2 44. Nc6 Rc2 45. Nd4 Rc1 46. Nb3 Rd1 47. Nc5+ Kd5 48. Nd7 Ke6 49. Nc5+ Kf5 50. Nb3 Rb1 51. Nd4+ Ke4 52. Nc6 Kd3 53. Ne5+ Ke4 54. Nxg4 Kf5 55. Nh2 Rb2 56. Nf3 Ra2 57. Nd4+ Ke4 58. g4 Ra1 59. Ne2 Ra8 60. Ng3+ Ke5 61. f4+ Kf6 62. Kf3 Ra2 63. Ne4+ Kg7 64. f5 Ra1 65. Ng3 Ra3 66. Kf4 Ra1 67. e4 Kf7 68. g5 Rg1 69. e5 Rg2 70. e6+ Ke7 71. Ne4 Rg1 72. Ke5 Re1 73. f6+ Ke8 74. g6 Kf8 75. Kd4 Rd1+ 76. Ke3 Re1+ 77. Kf3 Rf1+ 78. Ke2 Rg1 79. e7+ Ke8 80. Nd6+ Kd7 81. e8=Q+ Kxd6 82. Qe7+ Kd5 83. Qd7+ Ke4 84. Qe6+ Kf4 85. Qd6+ Kf5 86. Qc5+ Kxg6 87. Qxg1+ Kxf6 88. Kf3 Ke5 89. Qg4 Kd5 90. Qf4 Kc5 91. Qe4 Kd6 92. Qf5 Kc6 93. Qe5 Kd7 94. Qf6 Kc7 95. Qe6 Kd8 96. Qf7 Kc8 97. Ke4 Kd8 98. Kd5 Kc8 99. Kc6 Kb8 100. Qb7# 1-0


[Site "https://www.chess.com"]

[Event "Titled Tuesday Blitz May 30 Early 2023"]
[White "Gheorghiu, Calin"]
[Black "Mendonca, Leon Luke"]
[WhiteFideId "1200305"]
[BlackFideId "35028561"]
[WhiteElo "2223"]
[BlackElo "2464"]
[Result "0-1"]
[Round "04"]
[TimeControl "180+2"]
[Date "2023.05.30"]
[WhiteClock "0:00:00"]
[BlackClock "0:00:03"]

1. d4 e6 2. e4 d5 3. Nc3 dxe4 4. Nxe4 Bd7 5. Bd3 Bc6 6. Nf3 Nd7 7. O-O Ngf6 8. Ng3 Be7 9. Ne5 Nxe5 10. dxe5 Qd5 11. f3 Qxe5 12. Re1 Qd4+ 13. Kh1 h5 14. Qe2 O-O-O 15. Be3 Qe5 16. Bxa7 Qxe2 17. Nxe2 b6 18. Ba6+ Bb7 19. Bd3 Nd5 20. a4 Nb4 21. a5 Nxd3 22. cxd3 bxa5 23. d4 Bb4 24. Rec1 Kd7 25. Bc5 Ra8 26. Nf4 h4 27. Nd3 Bd2 28. Rd1 Bg5 29. f4 Bf6 30. Ne5+ Bxe5 31. dxe5+ Bd5 32. h3 Rhb8 33. Rd2 Rb5 34. Bd4 g6 35. Bc3 a4 36. Rd4 Kc6 37. Rdxa4 Rxa4 38. Rxa4 Rc5 39. Ra6+ Kb7 40. Ra5 Rc4 41. Rb5+ Kc6 42. Rb4 Rc5 43. Kg1 Ra5 44. Kf2 Ra1 0-1


[Site "https://www.chess.com"]

[Event "Titled Tuesday Blitz May 30 Early 2023"]
[White "splendidkid"]
[Black "Mortazavi, Ali"]
[BlackFideId "401323"]
[WhiteElo "2760"]
[BlackElo "2339"]
[Result "1-0"]
[Round "04"]
[TimeControl "180+2"]
[Date "2023.05.30"]
[WhiteClock "0:00:09"]
[BlackClock "0:00:09"]

1. d4 Nf6 2. c4 g6 3. Nf3 Bg7 4. Nc3 O-O 5. Bf4 d6 6. h3 c5 7. e3 cxd4 8. exd4 d5 9. Be2 dxc4 10. Bxc4 b6 11. O-O Bb7 12. Qe2 Nc6 13. Rfd1 Rc8 14. d5 Na5 15. Ba6 Bxa6 16. Qxa6 Nc4 17. Ne5 Nxb2 18. Nc6 Nxd1 19. Nxd8 Nxc3 20. Qxc8 Ne2+ 21. Kh1 Nxf4 22. d6 exd6 23. Rd1 Ne4 24. Qc2 Nc5 25. Rxd6 Re8 26. Nc6 Bf8 27. Rd8 Re1+ 28. Kh2 Nfe6 29. Ne7+ Kg7 30. Qc3+ f6 31. Rxf8 Kxf8 32. Nxg6+ hxg6 33. Qxe1 Kf7 34. Qe3 g5 35. g3 f5 36. h4 g4 37. Qe5 Kg6 38. h5+ Kg5 39. h6 Kxh6 40. Qxf5 Ng5 41. Qxg4 Nd3 42. Kg2 Ne1+ 43. Kf1 Nef3 44. Ke2 Ng1+ 45. Kd1 N1f3 46. Qd7 Kh5 47. Qxa7 b5 48. Qb7 Nd4 49. f4 Ngf3 50. Qg7 b4 51. Qf8 Kg4 52. Qxb4 Kxg3 53. a4 Kxf4 54. a5 Ke3 55. a6 Ne5 56. Qd2+ Ke4 57. a7 1-0


[Site "https://www.chess.com"]

[Event "Titled Tuesday Blitz May 30 Early 2023"]
[White "Simonian, Hrair"]
[Black "ATM622"]
[WhiteFideId "13302337"]
[WhiteElo "2447"]
[BlackElo "2550"]
[Result "1/2-1/2"]
[Round "04"]
[TimeControl "180+2"]
[Date "2023.05.30"]
[WhiteClock "0:00:07"]
[BlackClock "0:00:21"]

1. e4 c6 2. d4 d5 3. Nc3 dxe4 4. Nxe4 Bf5 5. Ng3 Bg6 6. h4 h6 7. Nh3 Nd7 8. Nf4 Bh7 9. c3 e5 10. Qe2 Bd6 11. Ngh5 g6 12. Ng7+ Ke7 13. h5 g5 14. Nd3 Kf6 15. dxe5+ Nxe5 16. Nxe5 Bxe5 17. g4 Qd5 18. Rh3 Kxg7 19. Be3 Rd8 20. Bxa7 Nf6 21. Bb6 Rd7 22. c4 Qe6 23. Re3 Re8 24. Bh3 Qd6 25. Ba5 Rde7 26. Kf1 Bf4 27. Rxe7 Qxe7 28. Qxe7 Rxe7 29. Bc3 Bd3+ 30. Kg1 Be5 31. Re1 Bd6 32. Rd1 Rd7 33. Rxd3 Bh2+ 34. Kxh2 Rxd3 35. Bf1 Rd1 36. Be2 Rc1 37. Kg2 Ra1 38. a3 Rc1 39. Bd3 Rxc3 40. bxc3 Nxg4 41. c5 Ne5 42. Bf5 Kf6 43. Bc8 Ke7 44. Bxb7 Kd8 45. Ba6 Nd7 46. Bc4 f5 47. Be6 f4 48. Bxd7 Kxd7 49. Kf3 Ke6 50. Ke4 Kd7 51. Kf5 Kc7 52. f3 Kb7 53. Kg6 g4 54. fxg4 f3 55. Kxh6 f2 56. g5 f1=Q 57. g6 Qf6 58. Kh7 Qf5 59. h6 Qd7+ 60. g7 Qf5+ 61. Kh8 Qf6 62. Kh7 Qf7 63. Kh8 Qf6 64. Kh7 Qf7 65. Kh8 Qf6 1/2-1/2


[Site "https://www.chess.com"]

[Event "Titled Tuesday Blitz May 30 Early 2023"]
[White "Csonka, Balazs"]
[Black "Roberson, Peter T"]
[WhiteFideId "742910"]
[BlackFideId "412384"]
[WhiteElo "2404"]
[BlackElo "2346"]
[Result "0-1"]
[Round "04"]
[TimeControl "180+2"]
[Date "2023.05.30"]
[WhiteClock "0:00:04"]
[BlackClock "0:00:30"]

1. c4 b6 2. e4 e6 3. d4 Bb7 4. Bd3 Bb4+ 5. Bd2 Nc6 6. Nf3 d5 7. cxd5 exd5 8. e5 Nge7 9. O-O Bxd2 10. Qxd2 O-O 11. Nc3 Nb4 12. Bb1 c5 13. Re1 Ng6 14. Nb5 a5 15. Nd6 Bc6 16. a3 Na6 17. Bxg6 hxg6 18. Qf4 Nc7 19. Ng5 f6 20. Nf3 Ne6 21. Qg4 Nxd4 22. Nxd4 cxd4 23. Qe6+ Kh7 24. Qh3+ Kg8 25. Qe6+ Kh7 26. Rac1 Qd7 27. Qxd7 Bxd7 28. e6 Ba4 29. e7 Rfb8 30. e8=Q Bxe8 31. Nxe8 Rxe8 32. Red1 Rac8 33. g3 Rxc1 34. Rxc1 Re2 35. Rd1 Rxb2 36. Rxd4 Rb3 37. a4 Rb4 38. Rxd5 Rxa4 39. Rd7 Rb4 40. Rb7 a4 0-1


[Site "https://www.chess.com"]

[Event "Titled Tuesday Blitz May 30 Early 2023"]
[White "Schmakel, Sam"]
[Black "Belov, Alexei"]
[WhiteFideId "2039311"]
[BlackFideId "4128206"]
[WhiteElo "2356"]
[BlackElo "2547"]
[Result "0-1"]
[Round "04"]
[TimeControl "180+2"]
[Date "2023.05.30"]
[WhiteClock "0:00:03"]
[BlackClock "0:00:14"]

1. d4 e6 2. c4 d5 3. Nf3 Nf6 4. Nc3 Be7 5. Bf4 O-O 6. Rc1 a6 7. c5 b6 8. cxb6 cxb6 9. e3 Bb7 10. Bd3 b5 11. g4 Nbd7 12. Rg1 Ne4 13. Nd2 Nxd2 14. Qxd2 Bg5 15. Bxg5 Qxg5 16. f4 Qh4+ 17. Qf2 Qxf2+ 18. Kxf2 Rac8 19. a4 b4 20. Na2 a5 21. b3 f6 22. Bb5 Nb8 23. Ke2 Kf7 24. Rxc8 Rxc8 25. Rc1 Rxc1 26. Nxc1 Ba6 27. Nd3 Bxb5 28. axb5 Nd7 29. Nc5 Nxc5 30. dxc5 Ke7 31. Kd3 e5 32. fxe5 fxe5 33. e4 dxe4+ 34. Kxe4 a4 35. bxa4 b3 36. Kd5 b2 0-1


[Site "https://www.chess.com"]

[Event "Titled Tuesday Blitz May 30 Early 2023"]
[White "Hasangatin, Ramil"]
[Black "WindWhistler11"]
[WhiteFideId "4122160"]
[WhiteElo "2279"]
[BlackElo "2546"]
[Result "1-0"]
[Round "04"]
[TimeControl "180+2"]
[Date "2023.05.30"]
[WhiteClock "0:00:18"]
[BlackClock "0:00:00"]

1. e4 e6 2. d3 d5 3. Qe2 Nf6 4. g3 g6 5. Bg5 dxe4 6. dxe4 e5 7. Nf3 Nbd7 8. Bg2 h6 9. Bxf6 Qxf6 10. O-O Bc5 11. Nc3 c6 12. Na4 Bd6 13. Rad1 Qe7 14. b3 b5 15. Nb2 a5 16. a4 Ba3 17. Nd3 bxa4 18. bxa4 Ba6 19. Qd2 O-O-O 20. Qxa5 Bxd3 21. Rxd3 Qc5 22. Qa6+ Kc7 23. Rb3 Rb8 24. Rd1 Rxb3 25. cxb3 Rb8 26. Qd3 Qe7 27. h4 Nc5 28. Qc4 Rb4 29. Qc3 f6 30. Bf1 Rxb3 31. Qa5+ Kb7 32. Rd8 Qe6 33. Ra8 1-0


[Site "https://www.chess.com"]

[Event "Titled Tuesday Blitz May 30 Early 2023"]
[White "Shvedova, Alexandra"]
[Black "Kushko, Dmitriy"]
[WhiteFideId "54154782"]
[BlackFideId "14162261"]
[WhiteElo "1973"]
[BlackElo "2230"]
[Result "0-1"]
[Round "04"]
[TimeControl "180+2"]
[Date "2023.05.30"]
[WhiteClock "0:00:25"]
[BlackClock "0:00:05"]

1. d4 g6 2. e4 Bg7 3. Nc3 d6 4. Be3 a6 5. Qd2 b5 6. O-O-O Bb7 7. f3 Nd7 8. h4 h6 9. Nh3 e6 10. h5 g5 11. Kb1 Ne7 12. g4 c5 13. dxc5 dxc5 14. Bg2 Qc7 15. f4 O-O-O 16. fxg5 Nb6 17. Qe1 Nc4 18. Bc1 b4 19. Ne2 Qe5 20. c3 Bxe4+ 21. Bxe4 Qxe4+ 22. Ka1 Rxd1 23. Qxd1 Rd8 24. Qe1 Qc2 25. gxh6 Be5 26. b3 bxc3 27. bxc4 Rd2 0-1


[Site "https://www.chess.com"]

[Event "Titled Tuesday Blitz May 30 Early 2023"]
[White "Lehtosaari, Mauri"]
[Black "Seo, Jung Min"]
[WhiteFideId "501999"]
[BlackFideId "1734687"]
[WhiteElo "2540"]
[BlackElo "2468"]
[Result "0-1"]
[Round "04"]
[TimeControl "180+2"]
[Date "2023.05.30"]
[WhiteClock "0:00:03"]
[BlackClock "0:01:06"]

1. e4 e5 2. Nf3 Nc6 3. d4 exd4 4. Bc4 Bc5 5. c3 Nf6 6. e5 d5 7. Bb5 Ne4 8. cxd4 Bb6 9. Nc3 O-O 10. h3 Bf5 11. O-O Ne7 12. Re1 Bg6 13. Be3 Nf5 14. Ba4 Nxe3 15. fxe3 Ba5 16. Rc1 c6 17. Bc2 Bxc3 18. bxc3 Nxc3 19. Qd2 Bxc2 20. Qxc2 Ne4 21. Rb1 Qe7 22. a4 Rac8 23. a5 Rc7 24. Rb2 Ng5 25. Nxg5 Qxg5 26. Qc5 a6 27. Rb3 f6 28. e6 Re8 29. Reb1 Rxe6 30. Rxb7 Qxe3+ 31. Kf1 Rxb7 32. Rxb7 Qe1# 0-1


[Site "https://www.chess.com"]

[Event "Titled Tuesday Blitz May 30 Early 2023"]
[White "Jaracz, Pawel"]
[Black "robertoalejandro10"]
[WhiteFideId "1102222"]
[WhiteElo "2438"]
[BlackElo "2540"]
[Result "1-0"]
[Round "04"]
[TimeControl "180+2"]
[Date "2023.05.30"]
[WhiteClock "0:00:27"]
[BlackClock "0:00:00"]

1. e4 c5 2. Nf3 g6 3. d4 cxd4 4. Qxd4 Nf6 5. Bb5 a6 6. Ba4 b5 7. Bb3 Nc6 8. Qe3 Bg7 9. h3 O-O 10. e5 Ne8 11. O-O Qc7 12. Re1 Bb7 13. Nc3 d6 14. Nd5 Qd8 15. e6 f5 16. Nb6 Ra7 17. Nd7 f4 18. Qe2 Rf5 19. c3 Ne5 20. Nd4 f3 21. Qe3 fxg2 22. f4 Rh5 23. fxe5 dxe5 24. Ne2 Qa8 25. Rd1 Bf3 26. Nb6 Qc6 27. Bd5 Rxh3 28. Bxc6 Rh1+ 29. Kf2 Rxd1 30. Bxf3 1-0


[Site "https://www.chess.com"]

[Event "Titled Tuesday Blitz May 30 Early 2023"]
[White "Lymar, Vladislav"]
[Black "Garayev, Kanan"]
[WhiteFideId "14162180"]
[BlackFideId "13406671"]
[WhiteElo "2234"]
[BlackElo "2230"]
[Result "1-0"]
[Round "04"]
[TimeControl "180+2"]
[Date "2023.05.30"]
[WhiteClock "0:00:11"]
[BlackClock "0:00:39"]

1. b3 e5 2. Bb2 Nc6 3. g3 Nf6 4. Bg2 Bc5 5. e3 h5 6. h3 d6 7. d3 a6 8. Ne2 Ba7 9. c4 Bf5 10. Nbc3 Qd7 11. Nd5 Nxd5 12. cxd5 Ne7 13. Rc1 Rc8 14. Nc3 c6 15. dxc6 bxc6 16. Ne4 f6 17. O-O d5 18. Nc5 Bxc5 19. Rxc5 Bxh3 20. e4 h4 21. Qf3 Bg4 22. Qe3 d4 23. Qd2 Ng6 24. f3 Bh3 25. g4 Bxg2 26. Qxg2 Nf4 27. Qc2 h3 28. Kh2 Ne6 29. Rc4 Ng5 30. Bc1 Ne6 31. Ra4 Qb7 32. Qc4 Kf7 33. Qxa6 Qxa6 34. Rxa6 Ra8 35. Rxa8 Rxa8 36. a3 Rb8 37. b4 c5 38. Bd2 Ra8 39. Ra1 cxb4 40. Bxb4 Nf4 41. Rd1 Rc8 42. a4 Rc2+ 43. Kh1 Ne2 44. Be1 Ra2 45. Rd2 Nc1 46. Rxa2 Nxa2 47. a5 Nc3 48. a6 Nb5 49. Ba5 Ke6 50. Bb6 Kd6 51. a7 Kc6 52. a8=Q+ 1-0


[Site "https://www.chess.com"]

[Event "Titled Tuesday Blitz May 30 Early 2023"]
[White "Jakic, Ivan"]
[Black "Di Benedetto, Edoardo"]
[WhiteFideId "14504901"]
[BlackFideId "875740"]
[WhiteElo "2370"]
[BlackElo "2296"]
[Result "0-1"]
[Round "04"]
[TimeControl "180+2"]
[Date "2023.05.30"]
[WhiteClock "0:00:08"]
[BlackClock "0:00:16"]

1. e4 e6 2. d4 d5 3. Nc3 Nf6 4. e5 Nfd7 5. f4 c5 6. Nf3 Nc6 7. Bd3 cxd4 8. Ne2 Nc5 9. O-O Nxd3 10. cxd3 g6 11. a3 a5 12. Kh1 Bc5 13. Qe1 b6 14. Bd2 Ba6 15. b4 Be7 16. Nexd4 Nxd4 17. Nxd4 Bxd3 18. Rf3 Be4 19. Rc3 axb4 20. axb4 Rxa1 21. Qxa1 O-O 22. Nc6 Qd7 23. Be3 d4 24. Nxe7+ Qxe7 25. Rc4 Qb7 26. Qxd4 Bxg2+ 27. Kg1 Bh3 28. Qe4 Qa6 29. Kf2 Qa2+ 30. Kg3 Bf1 31. Rc2 Qb1 32. Bf2 Rd8 33. Re2 Rd3+ 34. Re3 Rxe3+ 35. Qxe3 Qf5 36. Bg1 Qh3+ 37. Kf2 Qg2+ 38. Ke1 Bc4 39. Bf2 Kg7 40. Bh4 h6 41. Bf6+ Kh7 42. Bh4 Qxh2 43. Bf2 Qh1+ 44. Kd2 Qd5+ 45. Qd4 Qxd4+ 46. Bxd4 b5 47. Ke3 g5 48. Kf2 Kg6 49. fxg5 Kxg5 50. Kg3 h5 51. Bc3 h4+ 52. Kh3 Bf1+ 53. Kh2 Kg4 54. Kg1 Bc4 55. Kh2 h3 56. Bd2 Bf1 57. Bc3 Bg2 58. Bd4 Kf5 59. Bc3 Ke4 60. Bb2 Kd3 61. Bc1 Kc3 62. Ba3 Kb3 63. Bc1 Kxb4 64. Kg3 Kc3 65. Kh2 b4 0-1


[Site "https://www.chess.com"]

[Event "Titled Tuesday Blitz May 30 Early 2023"]
[White "Ioannidis, Evgenios"]
[Black "Aggelis, Nikolaos"]
[WhiteFideId "4229274"]
[BlackFideId "4213220"]
[WhiteElo "2386"]
[BlackElo "2189"]
[Result "1-0"]
[Round "04"]
[TimeControl "180+2"]
[Date "2023.05.30"]
[WhiteClock "0:01:55"]
[BlackClock "0:00:14"]

1. d4 f5 2. Nc3 Nf6 3. Bg5 d5 4. e3 Nbd7 5. Bd3 e6 6. Nf3 Be7 7. O-O O-O 8. Ne2 Ne4 9. Bxe7 Qxe7 10. c4 c6 11. Rc1 Qb4 12. Qc2 b5 13. cxd5 cxd5 14. Qc6 Nb6 15. Qxb5 Qe7 16. Ne5 Bd7 17. Nxd7 Qxd7 18. Qxd7 Nxd7 19. Nf4 Rf6 20. Rc6 Nf8 21. Rfc1 g5 22. Nxd5 exd5 23. Bxe4 Rxc6 24. Bxd5+ Kg7 25. Rxc6 Rd8 26. Rc7+ Kf6 27. Bc4 f4 28. Rxa7 fxe3 29. fxe3 Rc8 30. b3 Ng6 31. Rf7# 1-0


[Site "https://www.chess.com"]

[Event "Titled Tuesday Blitz May 30 Early 2023"]
[White "Bagwe Gaurang"]
[Black "Matinian, Nikita"]
[WhiteFideId "45039895"]
[BlackFideId "24129100"]
[WhiteElo "1847"]
[BlackElo "2422"]
[Result "0-1"]
[Round "04"]
[TimeControl "180+2"]
[Date "2023.05.30"]
[WhiteClock "0:00:11"]
[BlackClock "0:01:01"]

1. e4 d6 2. b3 g6 3. Bb2 Nf6 4. Nf3 Bg7 5. d3 O-O 6. Nbd2 c5 7. Be2 Nc6 8. O-O e5 9. h3 Nh5 10. Nc4 Nf4 11. Qd2 f5 12. Rae1 Nd4 13. Bd1 fxe4 14. dxe4 b6 15. Nxd4 cxd4 16. c3 Qg5 17. g3 Bxh3 18. cxd4 Bxf1 19. Rxf1 exd4 20. Bxd4 Nh3+ 21. Kh2 Qxd2 22. Nxd2 Bxd4 23. Kxh3 Rxf2 24. Rxf2 Bxf2 25. Nc4 Bc5 26. a3 b5 27. Na5 Bxa3 28. Be2 a6 29. Kg4 Kg7 30. Kf4 Bc5 31. Nc6 Rf8+ 32. Kg4 h5+ 33. Kg5 Be3+ 34. Kh4 Rf2 0-1


[Site "https://www.chess.com"]

[Event "Titled Tuesday Blitz May 30 Early 2023"]
[White "Prohaszka, Peter"]
[Black "Bilan, Danila"]
[WhiteFideId "726265"]
[BlackFideId "24161918"]
[WhiteElo "2626"]
[BlackElo "2182"]
[Result "1-0"]
[Round "04"]
[TimeControl "180+2"]
[Date "2023.05.30"]
[WhiteClock "0:00:18"]
[BlackClock "0:00:00"]

1. d4 d5 2. Nf3 Nf6 3. c3 Bf5 4. Bf4 e6 5. Qb3 Qc8 6. e3 h6 7. c4 c6 8. Nc3 Nbd7 9. Rc1 Be7 10. h3 O-O 11. Be2 Ne4 12. cxd5 Nxc3 13. dxe6 Nxe2 14. exd7 Qxd7 15. Kxe2 Be4 16. Ne5 Qc8 17. f3 Bd5 18. Qc2 Qe6 19. b3 c5 20. e4 Bc6 21. Nxc6 Qxc6 22. d5 Qf6 23. Qd2 Rac8 24. Rhd1 b5 25. d6 Bd8 26. e5 Qe6 27. Qd5 Qg6 28. Kf1 Bb6 29. Bh2 Rfd8 30. Re1 Qh5 31. Rcd1 Qg6 32. e6 c4 33. e7 Re8 34. d7 Qc2 35. dxe8=Q+ Rxe8 36. Rd2 Qc3 37. Bg1 1-0


[Site "https://www.chess.com"]

[Event "Titled Tuesday Blitz May 30 Early 2023"]
[White "Ladan, Nicholas"]
[Black "Danielyan, Vahe"]
[WhiteFideId "30918855"]
[BlackFideId "13304828"]
[WhiteElo "2167"]
[BlackElo "2423"]
[Result "0-1"]
[Round "04"]
[TimeControl "180+2"]
[Date "2023.05.30"]
[WhiteClock "0:00:00"]
[BlackClock "0:00:26"]

1. Nf3 Nf6 2. e3 b6 3. c4 Bb7 4. Nc3 e6 5. b3 Be7 6. Bb2 O-O 7. Be2 d5 8. O-O Nbd7 9. Rc1 c5 10. d4 Rc8 11. cxd5 Nxd5 12. dxc5 Nxc5 13. Nb5 a6 14. Nbd4 Ne4 15. Ne5 Nec3 16. Bxc3 Nxc3 17. Qd2 Nxe2+ 18. Qxe2 Qd5 19. Nef3 h6 20. h3 Rfd8 21. Qb2 Bf6 22. Rxc8 Rxc8 23. Rc1 Rd8 24. Rc7 e5 25. Ne2 Qd1+ 26. Kh2 Bxf3 27. gxf3 Rd2 28. Nc3 Qe1 29. Rc8+ Kh7 30. Qb1+ Qxb1 31. Nxb1 Rxf2+ 32. Kg3 Rxa2 33. Rc6 Rb2 34. Nc3 Rxb3 35. Nd5 a5 36. Nxb6 Rxe3 37. Nd5 Ra3 38. Nxf6+ gxf6 39. Rxf6 Kg7 40. Ra6 e4 41. Kg4 Rxf3 42. Rxa5 f5+ 43. Kh4 e3 44. Re5 f4 45. Kg4 Rf2 46. h4 e2 47. h5 f3 48. Kf5 Rf1 49. Re7+ Kf8 50. Kf6 e1=Q 51. Rc7 Qa1+ 0-1


[Site "https://www.chess.com"]

[Event "Titled Tuesday Blitz May 30 Early 2023"]
[White "Senft, Sean"]
[Black "egorchess95"]
[WhiteFideId "2044960"]
[WhiteElo "1989"]
[BlackElo "2702"]
[Result "0-1"]
[Round "04"]
[TimeControl "180+2"]
[Date "2023.05.30"]
[WhiteClock "0:00:13"]
[BlackClock "0:01:09"]

1. d4 Nf6 2. c4 e5 3. dxe5 Ng4 4. Bf4 Bb4+ 5. Nc3 Nc6 6. Nf3 Qe7 7. Qd5 Bxc3+ 8. bxc3 f6 9. exf6 Nxf6 10. Qd1 O-O 11. Bg3 Ne4 12. Qc2 d6 13. e3 Nc5 14. Nd4 Ne5 15. Be2 Qf7 16. O-O Nxc4 17. a4 Bd7 18. a5 Ne5 19. Rab1 b6 20. axb6 axb6 21. Ra1 Kh8 22. h3 Ba4 23. Qb1 Ra5 24. Bd1 Rfa8 25. Bxa4 Nxa4 26. Bxe5 dxe5 27. Nc6 Rc5 28. Qe4 Rc4 29. Nxe5 Rxe4 30. Nxf7+ Kg8 31. Ng5 Rc4 32. Rfc1 b5 33. Ra3 b4 34. Rb3 Nxc3 35. Kh2 Ra2 36. Kg3 Ne2+ 37. Kf3 Nxc1 0-1


[Site "https://www.chess.com"]

[Event "Titled Tuesday Blitz May 30 Early 2023"]
[White "Kucuksari, Kaan"]
[Black "Mika, Tomasz"]
[WhiteFideId "6380166"]
[BlackFideId "1132970"]
[WhiteElo "2364"]
[BlackElo "2179"]
[Result "1-0"]
[Round "04"]
[TimeControl "180+2"]
[Date "2023.05.30"]
[WhiteClock "0:01:58"]
[BlackClock "0:01:48"]

1. e4 c6 2. d4 d5 3. Nc3 dxe4 4. Nxe4 Bf5 5. Ng3 Bg6 6. h4 h6 7. h5 Bh7 8. Nf3 Nd7 9. Bd3 Bxd3 10. Qxd3 Ngf6 11. Bf4 Qa5+ 12. Bd2 Qc7 13. O-O-O e6 14. Kb1 Be7 15. Ne4 Nxe4 16. Qxe4 Nf6 17. Qe2 O-O 18. g4 Nxg4 19. Rdg1 f5 20. Qxe6+ Kh7 21. Qg6+ Kh8 22. Bxh6 gxh6 23. Rxg4 fxg4 24. Qxh6+ Kg8 25. Qg6+ Kh8 26. Ne5 Rf6 27. Qxg4 Rg8 28. Ng6+ Rfxg6 29. hxg6+ Kg7 30. Rh7+ Kf8 31. Qf5+ Ke8 32. Qf7+ 1-0


[Site "https://www.chess.com"]

[Event "Titled Tuesday Blitz May 30 Early 2023"]
[White "Domingo Nunez, Ruben"]
[Black "Santos Flores, Alberto"]
[WhiteFideId "22245570"]
[BlackFideId "3601234"]
[WhiteElo "2404"]
[BlackElo "2235"]
[Result "1-0"]
[Round "04"]
[TimeControl "180+2"]
[Date "2023.05.30"]
[WhiteClock "0:00:54"]
[BlackClock "0:00:02"]

1. c3 d5 2. g3 Nf6 3. Bg2 c6 4. Nh3 Bf5 5. f3 e6 6. Nf2 Nbd7 7. e4 Bg6 8. O-O e5 9. d3 Bc5 10. Kh1 O-O 11. Qe2 Bb6 12. Na3 Qe7 13. Nc2 dxe4 14. fxe4 Nc5 15. Bg5 h6 16. Bh4 Ncd7 17. Ng4 Bh5 18. Nxf6+ Nxf6 19. Qxh5 Nxh5 20. Bxe7 Rfe8 21. Ba3 Rad8 22. Rad1 Nf6 23. Bf3 g5 24. Kg2 Kg7 25. Be2 h5 26. Rf5 g4 27. Rdf1 Re6 28. Be7 Rxe7 29. Rxf6 Rdd7 30. R6f5 Kg6 31. h3 Rd8 32. hxg4 hxg4 33. Rh1 f6 34. Rh4 Kf7 35. Rxg4 Ke6 36. Rg6 Rf7 37. Bg4 Ke7 38. Be2 Rh8 39. Ne1 Be3 40. Nf3 Bc1 41. d4 exd4 42. Bc4 Rff8 43. cxd4 Bxb2 44. Rg7+ Kd6 45. Rxb7 Rhg8 46. Rxf6+ Rxf6 47. e5# 1-0


[Site "https://www.chess.com"]

[Event "Titled Tuesday Blitz May 30 Early 2023"]
[White "Novikov, Evgenij"]
[Black "Camilla_Lee"]
[WhiteFideId "4125380"]
[WhiteElo "2242"]
[BlackElo "2693"]
[Result "1-0"]
[Round "04"]
[TimeControl "180+2"]
[Date "2023.05.30"]
[WhiteClock "0:00:12"]
[BlackClock "0:00:00"]

1. e4 e5 2. Nc3 Nf6 3. Nf3 Nc6 4. g3 d5 5. exd5 Nxd5 6. Bg2 Be6 7. O-O Nxc3 8. bxc3 Bd6 9. Re1 O-O 10. d4 Bg4 11. h3 Bxf3 12. Bxf3 Qf6 13. Be3 exd4 14. cxd4 Bb4 15. Rf1 Bc3 16. Rb1 Nxd4 17. Bxd4 Bxd4 18. Bxb7 Rad8 19. Qf3 Qe6 20. Rb3 Qxh3 21. c3 Bb6 22. c4 Rd2 23. Bd5 Qd7 24. Rd3 Rxd3 25. Qxd3 Qd6 26. Re1 g6 27. Qf3 c6 28. Bxc6 Qb4 29. Re2 Qxc4 30. Bd5 Qc1+ 31. Kg2 Qc7 32. Qf6 Qd7 33. Bb3 Qd8 34. Re7 Qa8+ 35. Kh2 h5 36. Bxf7+ 1-0


[Site "https://www.chess.com"]

[Event "Titled Tuesday Blitz May 30 Early 2023"]
[White "Harikrishnan.A.Ra"]
[Black "Koutlas, Nikolaos"]
[WhiteFideId "5081483"]
[BlackFideId "25827138"]
[WhiteElo "2271"]
[BlackElo "2215"]
[Result "1/2-1/2"]
[Round "04"]
[TimeControl "180+2"]
[Date "2023.05.30"]
[WhiteClock "0:01:04"]
[BlackClock "0:00:05"]

1. d4 d5 2. Nf3 c6 3. c3 Bg4 4. Ne5 Bh5 5. Qc2 Nd7 6. Qf5 Bg6 7. Nxg6 hxg6 8. Qc2 Ngf6 9. g3 e5 10. dxe5 Nxe5 11. Bg2 Bc5 12. h3 Qd6 13. Nd2 O-O-O 14. a4 Bxf2+ 15. Kxf2 Neg4+ 16. Kf3 Ne5+ 17. Kf2 Neg4+ 18. Kf3 Ne5+ 19. Kf2 1/2-1/2


[Site "https://www.chess.com"]

[Event "Titled Tuesday Blitz May 30 Early 2023"]
[White "Martinez Ramirez, Lennis"]
[Black "Fan_Of_Chucky"]
[WhiteFideId "3509079"]
[WhiteElo "2410"]
[BlackElo "2455"]
[Result "1-0"]
[Round "04"]
[TimeControl "180+2"]
[Date "2023.05.30"]
[WhiteClock "0:00:56"]
[BlackClock "0:01:57"]

1. c4 Nf6 2. Nc3 d5 3. cxd5 Nxd5 4. e4 Nxc3 5. dxc3 Qxd1+ 6. Kxd1 g6 7. Bf4 c6 8. a4 Bg7 9. a5 O-O 10. Bc4 Nd7 11. Kc2 Nc5 12. f3 Be6 13. Bxe6 Nxe6 14. Be3 c5 15. Ne2 Rfd8 16. Rhd1 Rac8 17. Rxd8+ Rxd8 18. h4 Kf8 19. Nc1 Bf6 20. g3 Kg7 21. Nd3 Rc8 22. Rd1 Nd4+ 23. Bxd4 cxd4 24. e5 1-0


[Site "https://www.chess.com"]

[Event "Titled Tuesday Blitz May 30 Early 2023"]
[White "Mendez Fortes, Eduardo Jesus"]
[Black "Sai Han Thiha"]
[WhiteFideId "3502376"]
[BlackFideId "13012290"]
[WhiteElo "2307"]
[BlackElo "1954"]
[Result "1-0"]
[Round "04"]
[TimeControl "180+2"]
[Date "2023.05.30"]
[WhiteClock "0:00:17"]
[BlackClock "0:00:00"]

1. e4 c6 2. d4 d5 3. Nc3 dxe4 4. Nxe4 Nf6 5. Nxf6+ exf6 6. c3 Bd6 7. Bd3 O-O 8. Qc2 Re8+ 9. Ne2 h5 10. O-O h4 11. h3 Nd7 12. c4 Nf8 13. Be3 Bc7 14. Rae1 Be6 15. Nc3 Qd6 16. f4 f5 17. Qf2 Bd8 18. Rd1 Bf6 19. d5 cxd5 20. cxd5 Bd7 21. Nb5 Qb4 22. Bc5 Qa4 23. b3 Qa6 24. Nc7 Qa5 25. Nxe8 Rxe8 26. b4 Qa3 27. Bb1 Ng6 28. Bd4 Qxb4 29. Bxf6 gxf6 30. Rfe1 Rc8 31. Qd4 Qxd4+ 32. Rxd4 Kf8 33. d6 b6 34. a4 Rc5 35. Bd3 Be6 36. d7 1-0


[Site "https://www.chess.com"]

[Event "Titled Tuesday Blitz May 30 Early 2023"]
[White "Goryachkina, Aleksandra"]
[Black "Grave, Jacob Templen"]
[WhiteFideId "4147103"]
[BlackFideId "1542656"]
[WhiteElo "2471"]
[BlackElo "2189"]
[Result "1/2-1/2"]
[Round "04"]
[TimeControl "180+2"]
[Date "2023.05.30"]
[WhiteClock "0:00:11"]
[BlackClock "0:00:15"]

1. e4 c6 2. d4 d5 3. e5 Bf5 4. Nf3 e6 5. Be2 c5 6. c3 Nc6 7. O-O cxd4 8. cxd4 Nge7 9. a3 a5 10. Nc3 Bg4 11. Ne1 Bxe2 12. Nxe2 h5 13. Bg5 Qb6 14. Bxe7 Bxe7 15. Qd2 a4 16. f4 g6 17. Nf3 Kf8 18. Kh1 Kg7 19. Nc3 Qb3 20. Qf2 Rhc8 21. f5 exf5 22. Nd2 Qxb2 23. Nxd5 Rd8 24. Rfb1 Qc2 25. Rc1 Qb2 26. Rcb1 Qc2 27. Rc1 Qb2 28. Rcb1 1/2-1/2


[Site "https://www.chess.com"]